 Dungeon Crawl Stone Soup version 0.15-a0-335-g04a2ae6 (webtiles) character file.

201 4tharraofdagon the Insei (level 5, 0/42 HPs)
             Began as a Demonspawn Monk on May 1, 2014.
             Killed by divine providence
             ... invoked by an orc priest
              (12 damage)
             ... on Level 6 of the Dungeon.
             The game lasted 00:03:26 (554 turns).

4tharraofdagon the Insei (Demonspawn Monk)           Turns: 554, Time: 00:03:27

HP   0/42        AC  7     Str 12      XL: 5   Next: 20%
MP   6/6         EV  9     Int 12      God:
Gold 38          SH  0     Dex 15      Spells:  0 memorised,  4 levels left

rFire  + . .     SeeInvis .       - Unarmed
rCold  . . .     Clarity  .     c - +1 ring mail {rF+}
rNeg   . . .     Conserve .     (no shield)
rPois  .         rCorr    .     (helmet restricted)
rElec  .         rRot     .     (no cloak)
SustAb . .       Spirit   .     (no gloves)
rMut   .         Warding  .     (no boots)
Saprov . . .     Stasis   .     k - amulet of rage
MR     .....                    (no ring)
                                (no ring)

@: exhausted, slowed, very slow, not resistant to hostile enchantments, very
unstealthy
A: antennae 1, molten scales 1, powered by death 1
a: Evoke Berserk Rage


You were on level 6 of the Dungeon.
You were not hungry.

You visited 1 branch of the dungeon, and saw 6 of its levels.

You collected 38 gold pieces.

Inventory:

Missiles
 e - 10 darts (quivered)
Armour
 a - a +0 robe
 c - a +1 ring mail of fire resistance (worn)
Comestibles
 b - 2 bread rations
 g - a meat ration
Scrolls
 i - a scroll of magic mapping
Jewellery
 k - an amulet of rage (around neck)
Potions
 d - a potion of restore abilities
 h - a potion of degeneration


   Skills:
 + Level 3.8 Fighting
 + Level 3.4 Dodging
 - Level 1.7 Stealth
 * Level 4.6 Unarmed Combat
 + Level 1.9 Evocations


You had 4 spell levels left.
You didn't know any spells.

Dungeon Overview and Level Annotations

Branches:
Dungeon (6/15)
 Temple: D:4-7

Altars:

Annotations:
D:5 Dowan, Duvessa


Innate Abilities, Weirdness & Mutations

You have a pair of small antennae on your head.
You are partially covered in molten scales (AC +1).
You can steal the life force of nearby defeated enemies.


Message History

The orc priest is almost dead.
You feel less regenerative. The orc priest barely misses you.
The kobold skeleton hits you but does no damage.
The orc hits you with a club. The orc hits you but does no damage.
The orc priest hits you but does no damage.
The kobold skeleton hits you.
* * * LOW HITPOINT WARNING * * *
Unknown command.
You hit the orc priest.
You kill the orc priest!
You have reached level 5!
Your demonic ancestry asserts itself...
A pair of antennae grows on your head! The orc hits you with a hand axe.
* * * LOW HITPOINT WARNING * * *
The orc barely misses you.
The orc priest mumbles some strange prayers to Beogh against you.
Something smites you!
You die...

#........#
#........#
#........# .#
#........##.##
#............[Z
#........).....
###.#.###.!....
#%.$..........
#oo...#......
#@o...# ...
#.Z...# .
####.....#
.........<#
.###.....#
..........
###.....##
#.....# #.....#
#######


You could see an orc priest, 2 orcs and a kobold skeleton.

Vanquished Creatures
  A water moccasin (D:6)
  An orc priest (D:6)
  An inept feature mimic (D:3)
  An orc zombie (D:5)
  An orc (D:3)
  A bat (D:2)
  4 goblins
  6 jackals
  A quokka (D:5)
  2 giant cockroaches
  A kobold (D:1)
20 creatures vanquished.

Notes
Turn   | Place    | Note
--------------------------------------------------------------
     0 | D:1      | 4tharraofdagon, the Demonspawn Monk, began the quest for the Orb.
     0 | D:1      | Reached XP level 1. HP: 18/18 MP: 1/1
   130 | D:3      | Gained mutation: You can steal the life force of nearby defeated enemies. [demonic ancestry]
   130 | D:3      | Reached XP level 2. HP: 22/24 MP: 2/2
   289 | D:3      | Noticed an orc wizard
   323 | D:4      | Noticed an ogre
   337 | D:5      | Entered Level 5 of the Dungeon
   364 | D:5      | Reached skill level 4 in Unarmed Combat
   403 | D:5      | Gained mutation: You are partially covered in molten scales (AC +1). [demonic ancestry]
   403 | D:5      | Reached XP level 3. HP: 6/29 MP: 3/3
   469 | D:5      | Noticed Duvessa
   470 | D:5      | Noticed Dowan
   518 | D:6      | Noticed a water moccasin
   539 | D:6      | Killed a water moccasin
   539 | D:6      | Reached skill level 1 in Evocations
   539 | D:6      | Reached XP level 4. HP: 4/37 MP: 5/5
   554 | D:6      | Gained mutation: You have a pair of small antennae on your head. [demonic ancestry]
   554 | D:6      | Reached XP level 5. HP: 11/42 MP: 6/6
   554 | D:6      | Killed from afar by an orc priest

Action                   |  1- 3 |  4- 6 || total
-------------------------+-------+-------++-------
Melee: Unarmed           |   100 |     9 ||   109
 Abil: Evoke Berserk Rag |     1 |       ||     1
  Use: Potion            |     2 |     1 ||     3
       Scroll            |     3 |     2 ||     5
